 Dungeon Crawl Stone Soup version 0.27-a0-13-g87abb2d9eb (webtiles) character file.

Game seed: 14617279399580272448

85 smips the Cudgeller (level 4, 0/35 HPs)
             Began as a Formicid Fighter on Jan 2, 2021.
             Slain by an ufetubus (1 damage)
             ... on level 3 of the Dungeon.
             The game lasted 00:06:22 (1927 turns).

smips the Cudgeller (Formicid Fighter)              Turns: 1927, Time: 00:06:26

Health: 0/35       AC:  6    Str: 20    XL:     4   Next: 75%
Magic:  4/4        EV:  7    Int:  8    God:
Gold:   128        SH: 10    Dex: 17    Spells: 3/3 levels left

rFire    . . .     SeeInvis +   a - +0 flail
rCold    . . .     Faith    .   c - +0 kite shield
rNeg     . . .     Spirit   .   f - +0 scale mail
rPois    .         Reflect  .   (helmet unavailable)
rElec    .         Harm     .   (no cloak)
rCorr    .         Rampage  .   (no gloves)
Will     .....                  (no boots)
Stlth    +.........             (no amulet)
HPRegen  0.11/turn              e - +6 ring of dexterity
MPRegen  0.09/turn              (no ring)

@: mighty
A: permanent stasis, dig shafts and tunnels, four strong arms, antennae 3
a: Dig, Shaft Self


You were on level 3 of the Dungeon.
You visited 1 branch of the dungeon, and saw 3 of its levels.

You collected 128 gold pieces.

Inventory:

Hand Weapons
 a - a +0 flail (weapon)
 b - a +0 hunting sling
Missiles
 i - 4 stones
Armour
 c - a +0 kite shield (worn)
 f - a +0 scale mail (worn)
Jewellery
 e - a +6 ring of dexterity (left hand)
 g - an uncursed ring of resist corrosion {unknown}
Scrolls
 h - a scroll of identify
 n - a scroll of random uselessness {unknown}
 o - a scroll of fear {unknown}
 p - a scroll of noise {unknown}
Potions
 j - 2 potions of resistance {unknown}
 k - 2 potions of ambrosia {unknown}
 l - 2 potions of haste
 m - a potion of curing {unknown}
 q - 2 potions of invisibility {unknown}


   Skills:
 - Level 3.2 Fighting
 * Level 3.8 Maces & Flails
 + Level 1.0 Slings
 - Level 3.2 Armour
 * Level 2.5 Stealth
 - Level 3.6 Shields


You had 3 spell levels left.
You didn't know any spells.
Your spell library was empty.

Dungeon Overview and Level Annotations

Branches:
Dungeon (3/15)

Altars:

Annotations:
D:2 1 runed translucent door, Crazy Yiuf
D:3 3 runed translucent doors, OhItsWolfy's ghost, weakling MiFi


Innate Abilities, Weirdness & Mutations

You cannot be hasted, slowed, berserked, paralysed or teleported.
You can dig through walls and to a lower floor.
Your four strong arms can wield two-handed weapons with a shield.
You have a pair of large antennae on your head. (SInv)


Message History

The adder is almost dead.
The ufetubus hits you but does no damage.
You block the ufetubus's attack. The adder bites you.
* * * LOW HITPOINT WARNING * * *
The ufetubus barely misses you. You block the ufetubus's attack.
The adder bites you but does no damage.
Okay, then.
You feel very mighty all of a sudden.
You block the ufetubus's attack. x2; The adder bites you but does no damage.
The ufetubus hits you.
* * * LOW HITPOINT WARNING * * *
The ufetubus hits you.
* * * LOW HITPOINT WARNING * * *
You sock the adder!
You kill the adder!
The ufetubus hits you.
* * * LOW HITPOINT WARNING * * *
The ufetubus closely misses you. The ufetubus barely misses you.
The ufetubus hits you.
You die...

#.....#.....#.†.....##....
#.....<....?..............
#.........................
#.......................##
#.........................
#.........................
#####.<.................##
##....g..............#
##..@5...............
#####.(####.#######.
#.............#
##.##(.##+++##.#
#...((##KKKW.###
#.#.###KK#K#(.# #$#.
#8.#.#.8# . .. #P.#.#.P#
... ##.....##


You could see 2 big kobolds, an ufetubus, a goblin and a kobold.

Vanquished Creatures
  3 adders
  3 worms
  3 dart slugs
  3 leopard geckos (D:1)
  A ball python (D:1)
  7 bats
  3 giant cockroaches
  6 goblins (D:1)
  6 hobgoblins
  3 frilled lizards
  6 kobolds
  7 rats
51 creatures vanquished.

Vanquished Creatures (others)
  2 fungi (D:3)
2 creatures vanquished.

Grand Total: 53 creatures vanquished

Notes
Turn   | Place    | Note
-------+----------+-------------------------------------------
     0 | D:1      | smips the Formicid Fighter began the quest for the Orb.
     0 | D:1      | Reached XP level 1. HP: 18/18 MP: 1/1
   150 | D:1      | Reached skill level 1 in Stealth
   153 | D:1      | Reached XP level 2. HP: 24/24 MP: 2/2
   468 | D:1      | Reached XP level 3. HP: 29/29 MP: 3/3
   871 | D:2      | Reached XP level 4. HP: 23/35 MP: 4/4
  1416 | D:2      | Found a runed translucent door.
  1417 | D:2      | Noticed Crazy Yiuf
  1745 | D:3      | Found a faded altar of an unknown god.
  1876 | D:3      | Found a runed translucent gate.
  1876 | D:3      | Found a runed translucent gate.
  1881 | D:3      | Found a runed translucent gate.
  1881 | D:3      | Noticed a big kobold
  1881 | D:3      | Noticed OhItsWolfy's ghost (weakling MiFi)
  1882 | D:3      | Noticed a big kobold
  1882 | D:3      | Identified the cursed +2 short sword of Focus {drain, rC+
                  | Will- Int+3 SInv}
  1882 | D:3      | Noticed a big kobold
  1921 | D:3      | Reached skill level 1 in Slings
  1927 | D:3      | HP: 1/35 [ufetubus (3)]
  1927 | D:3      | Slain by an ufetubus

Illustrated notes

Levels and vault maps discovered:
D:1:      dpeg_arrival_windows_large_door, layout_basic
D:2:      layout_basic, serial_bayou_lagoon_b, uniq_crazy_yiuf_cottage
D:3:      layout_rooms, gammafunk_ghost_nasty_kobolds,
          chequers_ecumenical_altar_simple_redux, minmay_ruptured

Skill      XL: |  1  2  3  4 |
---------------+-------------+-----
Stealth        | 1 2 |  2.5
Maces & Flails | 3 |  3.8
Slings         | 1 |  1.0
Fighting       | |  3.2
Armour         | |  3.2
Shields        | |  3.6

Action                   |  1- 3 |  4- 6 || total
-------------------------+-------+-------++-------
Melee: Flail             |    97 |    22 ||   119
 Fire: Hunting sling     |       |    64 ||    64
 Abil: Dig               |     1 |       ||     1
  Use: Scroll            |       |     5 ||     5
       Potion            |       |     1 ||     1
Armor: Scale mail        |    58 |    41 ||    99
Dodge: Dodged            |    32 |    37 ||    69
Block: Kite shield       |    52 |    42 ||    94

Table legend: (Time is in decaauts)
 A = Elapsed time spent in this place.
 B = Non-inter-level travel time spent in this place.
 C = Inter-level travel time spent in this place.
 D = Time resting spent in this place.
 E = Time spent auto-exploring this place.
 F = Levels seen in this place.
 G = Mean time per level.
                   A        B        C        D        E       F      G
               +--------+--------+--------+--------+--------+-----+--------+
         Total |   1993 |   1948 |     45 |    551 |    935 |   3 |  664.3 |
       Dungeon |   1993 |   1948 |     45 |    551 |    935 |   3 |  664.3 |
               +--------+--------+--------+--------+--------+-----+--------+

Top non-repeatable levels by time:
     D:2: 927 daAuts
     D:1: 870 daAuts
     D:3: 196 daAuts
